 Dungeon Crawl Stone Soup version 0.26-a0-201-gb271ac0e06 (console) character file.

Game seed: 8183772526912608290

37 bli the Sneak (level 3, -6/26 HPs)
             Began as a Vampire Enchanter on July 5, 2020.
             Killed from afar by Natasha (10 damage)
             ... with a magic dart
             ... on level 2 of the Dungeon.
             The game lasted 00:04:13 (786 turns).

bli the Sneak (Vampire Enchanter)                    Turns: 786, Time: 00:04:13

Health: -6/26      AC:  2    Str:  7    XL:     3   Next: 23%
Magic:  6/6        EV: 13    Int: 17    God:
Gold:   52         SH:  0    Dex: 15    Spells: 5/6 levels left

rFire    . . .     SeeInvis +   a - +1 dagger
rCold    . . .     Faith    .   (no shield)
rNeg     . . .     Spirit   .   b - +0 robe
rPois    .         Reflect  .   (no helmet)
rElec    .         Harm     .   (no cloak)
rCorr    .                      (no gloves)
MR       .....                  (no boots)
Stlth    +++.......             (no amulet)
HPRegen  0.28/turn              (no ring)
MPRegen  0.10/turn              (no ring)

@: regenerating quickly
A: no food, fangs 3, see invisible, unbreathing
a: Exsanguinate


You were on level 2 of the Dungeon.
You were alive.

You visited 1 branch of the dungeon, and saw 2 of its levels.

You collected 52 gold pieces.

Inventory:

Hand Weapons
 a - a +1 dagger (weapon)
Missiles
 f - 22 stones (quivered)
 h - 19 arrows
Armour
 b - a +0 robe (worn)
Scrolls
 e - a scroll of fear {unknown}
 g - a scroll of teleportation {unknown}
Potions
 c - a potion of mutation {unknown}
 d - a potion of might {unknown}


   Skills:
 * Level 1.1 Fighting
 * Level 1.7 Short Blades
 + Level 2.4 Dodging
 + Level 5.0 Stealth
 * Level 2.4 Spellcasting
 - Level 4.4 Hexes


You had 5 spell levels left.
You knew the following spells:

 Your Spells              Type           Power        Failure   Level  Hunger
a - Corona                Hex            ###....      3%          1    N/A

Your spell library contained the following spells:

 Spells                   Type           Power        Failure   Level  Hunger
 Confusing Touch          Hex            ###.....     9%          3    N/A
 Tukima's Dance           Hex            ###.....     9%          3    N/A
 Ensorcelled Hibernation  Hex/Ice        #.....       12%         2    N/A
 Dazzling Flash           Conj/Hex       #.....       22%         3    N/A

Dungeon Overview and Level Annotations

Branches:
Dungeon (2/15)

Altars:

Annotations:
D:2 Natasha


Innate Abilities, Weirdness & Mutations

You do not eat.
Your natural rate of healing is unusually fast.
You have razor-sharp teeth.
You have supernaturally acute eyesight. (SInv)
You can survive without breathing.


Message History

Natasha claws you!
You closely miss Natasha. Your bite misses Natasha.
Natasha is moderately wounded.
Natasha claws you.
You hit Natasha but do no damage.
Natasha is moderately wounded.
The white imp completely misses you. Natasha barely misses you.
You barely miss Natasha.
Natasha is moderately wounded.
The white imp hits you.
* * * LOW HITPOINT WARNING * * *
The white imp freezes you.
* * * LOW HITPOINT WARNING * * *
Natasha casts a spell.
You hit Natasha.
Natasha is moderately wounded.
The white imp closely misses you. Natasha casts a spell at you.
The magic dart hits you!
You die...

#.## .... #
...#.# ###...#.#
.(......
..#####.....###.
........#..5....
#<#....#..
#.@h......
###5......
.g#..#. #......
###. . .. .


You could see Natasha, a gnoll and 2 white imps.

Vanquished Creatures
  An adder (D:1)
  A dart slug (D:1)
  A leopard gecko (D:1)
  A ball python (D:1)
  2 giant cockroaches (D:1)
  A goblin (D:1)
  5 hobgoblins (D:1)
  3 jackals (D:1)
  A bat (D:1)
  A frilled lizard (D:1)
  2 kobolds (D:1)
  5 rats (D:1)
24 creatures vanquished.

Notes
Turn   | Place    | Note
-------+----------+-------------------------------------------
     0 | D:1      | bli the Vampire Enchanter began the quest for the Orb.
     0 | D:1      | Reached XP level 1. HP: 13/13 MP: 3/3
   146 | D:1      | Reached XP level 2. HP: 19/19 MP: 5/5
   584 | D:1      | Reached skill level 1 in Fighting
   703 | D:1      | Reached XP level 3. HP: 26/26 MP: 6/6
   741 | D:2      | Noticed Natasha
   754 | D:1      | Reached skill level 5 in Stealth
   786 | D:2      | Killed from afar by Natasha

Illustrated notes

Levels and vault maps discovered:
D:1:      dpeg_arrival_court, layout_rooms
D:2:      layout_basic, uniq_robin, uniq_sigmund, uniq_natasha

Skill      XL: |  1  2  3 |
---------------+----------+-----
Fighting       | 1 |  1.1
Stealth        | 5 |  5.0
Short Blades   | |  1.7
Dodging        | |  2.4
Spellcasting   | |  2.4
Hexes          | |  4.4

Action                   || total
-------------------------++-------
Melee: Dagger            ||   118
       Bite              ||     9
 Cast: Corona            ||     2
 Stab: Sleeping          ||     9
Armor: Robe              ||    10
Dodge: Dodged            ||    75

Table legend:
 A = Non-vault XP
 B = Vault XP
 C = Vault XP percentage of total XP
 D = Non-vault monster count
 E = Vault monster count
 F = Vault count percentage of total count
                 A         B        C        D         E       F
            +---------+---------+-------+---------+---------+-------
      Total |      54 |       0 |   0.0 |      24 |       0 |   0.0
            +---------+---------+-------+---------+---------+-------
        D:1 |      54 |       0 |   0.0 |      24 |       0 |   0.0
            +---------+---------+-------+---------+---------+-------
